TEX
CORPUS CHRISTI HOOKS @ FRISCO ROUGHRIDERS
05/16/2098
 
TOP OF THE 1ST
Corpus Christi Hooks batting - Pitching for Frisco RoughRiders : RHP Simon Bellett
Pitching: RHP Simon Bellett
Batting: LHB Malik Lindsey 0-0: Called Strike
0-1: Ball
1-1: Foul Ball, location: 3FF
1-2: Ball
2-2: Foul Ball, location: 3F
2-2: Ball
3-2: SINGLE (Line Drive, 9S, EV 92.5 MPH)
Batting: LHB Toby O'Dell 0-0: SINGLE (Groundball, 34D, EV 103.1 MPH)
Malik Lindsey to second
Runner from 2nd tries for 3rd, SAFE, no throw by RF
Batting: RHB Steve MacInnis 0-0: Called Strike
0-1: Swinging Strike
0-2: Strikes out looking
Toby O'Dell steals 2nd base
Batter strikes out.
Batting: RHB Travis Braga 0-0: Ball
1-0: Foul Ball, location: 5SF
1-1: Ball
2-1: Ball
3-1: Called Strike
3-2: Fly out, F8 (Flyball, 8RD, EV 108.1 MPH)
Runner from 3rd tags up, SCORES, throw by CF
Batting: RHB Chad Boston 0-0: Called Strike
0-1: Swinging Strike
0-2: Ball
1-2: SINGLE (Line Drive, 9S, EV 99.4 MPH)
Toby O'Dell to third
Runner from 3rd tries for Home, SAFE, throw by RF to home
Batting: RHB Agustin Vargas 0-0: Swinging Strike
0-1: SINGLE (Groundball, 34D, EV 105.0 MPH)
Chad Boston to second
Runner from 2nd tries for 3rd, OUT! 9-5
Top of the 1st over - 2 runs, 4 hits, 0 errors, 1 left on base; Corpus Christi 2 - Frisco 0
BOTTOM OF THE 1ST
Frisco RoughRiders batting - Pitching for Corpus Christi Hooks : RHP Paul DeGrazia
Pitching: RHP Paul DeGrazia
Batting: RHB Pedro Colon 0-0: Called Strike
0-1: Fly out, F8 (Flyball, 8LD, EV 109.4 MPH)
Batting: RHB Mark Riggs 0-0: Called Strike
0-1: SOLO HOME RUN (Flyball, 9D, EV 97.5 MPH), Distance : 395 ft
Batting: RHB Travis Huffman 0-0: Called Strike
0-1: Foul Ball, location: 9LSF
0-2: Foul Ball, location: 5F
0-2: Ball
1-2: Foul Ball, location: 9LMFF
1-2: Ball
2-2: Foul Ball, location: 23F
2-2: Foul Ball, location: 2F
2-2: Foul Ball, location: 2F
2-2: Ball
3-2: Foul Ball, location: 2F
3-2: Foul Ball, location: 9LMF
3-2: Foul Ball, location: 25F
3-2: Ground out 6-3 (Groundball, 6, EV 89.4 MPH)
Batting: RHB Kymani Biggs 0-0: Called Strike
0-1: Ball
1-1: Called Strike
1-2: Strikes out swinging
Bottom of the 1st over - 1 run, 1 hit, 0 errors, 0 left on base; Corpus Christi 2 - Frisco 1
TOP OF THE 2ND
Corpus Christi Hooks batting - Pitching for Frisco RoughRiders : RHP Simon Bellett
Batting: RHB Bill Barber 0-0: Called Strike
0-1: Foul Ball, location: 9LDF
0-2: Foul Ball, location: 23F
0-2: Strikes out swinging
Batting: SHB Chris Constable 0-0: Swinging Strike
0-1: Ball
1-1: Swinging Strike
1-2: Ball
2-2: Foul Ball, location: 2F
2-2: Reached via error on a dropped throw from SS, E3 (Groundball, 6, EV 89.4 MPH)
Batting: RHB Dave Alley 0-0: Ball
1-0: Ball
2-0: Ball
3-0: Called Strike
3-1: Foul Ball, location: 9LMF
3-2: Foul Ball, location: 2F
3-2: Strikes out swinging
Batting: LHB Malik Lindsey 0-0: Ball
1-0: Ball
2-0: Called Strike
2-1: Foul Ball, location: 23F
2-2: Strikes out swinging
Top of the 2nd over - 0 runs, 0 hits, 1 error, 1 left on base; Corpus Christi 2 - Frisco 1
BOTTOM OF THE 2ND
Frisco RoughRiders batting - Pitching for Corpus Christi Hooks : RHP Paul DeGrazia
Batting: RHB Marco Sanchez 0-0: Fly out, F8 (Flyball, 8LS, EV 91.3 MPH)
Batting: LHB Dallas Zancanella 0-0: Ball
1-0: Called Strike
1-1: Swinging Strike
1-2: Foul Ball, location: 3F
1-2: Strikes out looking
Batting: RHB Ricky Centeno 0-0: SINGLE (Line Drive, 6MD, EV 111.3 MPH)
Batting: LHB Ryan O'Neal 0-0: Called Strike
0-1: Ball
1-1: Ball
2-1: Ball
3-1: Called Strike
3-2: Foul Ball, location: 5F
3-2: Strikes out swinging
Bottom of the 2nd over - 0 runs, 1 hit, 0 errors, 1 left on base; Corpus Christi 2 - Frisco 1
TOP OF THE 3RD
Corpus Christi Hooks batting - Pitching for Frisco RoughRiders : RHP Simon Bellett
Batting: LHB Toby O'Dell 0-0: Ball
1-0: Ball
2-0: Foul Ball, location: 2F
2-1: Ball
3-1: Fly out, F7 (Flyball, 78S, EV 91.9 MPH)
Batting: RHB Steve MacInnis 0-0: Foul Ball, location: 5FF
0-1: Foul Ball, location: 5F
0-2: Foul Ball, location: 2F
0-2: Ball
1-2: Foul Ball, location: 9LMF
1-2: Ball
2-2: Ground out 5-3 (Groundball, 56, EV 100.0 MPH)
Batting: RHB Travis Braga 0-0: Foul Ball, location: 2F
0-1: Ball
1-1: Ball
2-1: Swinging Strike
2-2: Ground out 6-3 (Groundball, 6, EV 108.8 MPH)
Top of the 3rd over - 0 runs, 0 hits, 0 errors, 0 left on base; Corpus Christi 2 - Frisco 1
BOTTOM OF THE 3RD
Frisco RoughRiders batting - Pitching for Corpus Christi Hooks : RHP Paul DeGrazia
Batting: LHB Corey Jackson 0-0: Ball
1-0: Ground out 4-3 (Groundball, 34D, EV 84.4 MPH)
Batting: RHB Pedro Colon 0-0: Ball
1-0: Called Strike
1-1: Swinging Strike
1-2: Ball
2-2: Ball
3-2: Base on Balls
Batting: RHB Mark Riggs 0-0: Foul Ball, location: 2LF
0-1: SINGLE (Line Drive, 78S, EV 88.1 MPH)
Pedro Colon to second
Batting: RHB Travis Huffman 0-0: Swinging Strike
0-1: Swinging Strike
0-2: Ball
1-2: Foul Ball, location: 2F
1-2: Strikes out swinging
Batting: RHB Kymani Biggs 0-0: Called Strike
0-1: Foul Ball, location: 2F
0-2: Ball
1-2: Strikes out swinging
Bottom of the 3rd over - 0 runs, 1 hit, 0 errors, 2 left on base; Corpus Christi 2 - Frisco 1
TOP OF THE 4TH
Corpus Christi Hooks batting - Pitching for Frisco RoughRiders : RHP Simon Bellett
Batting: RHB Chad Boston 0-0: Ball
1-0: Fly out, F9 (Line Drive, 9, EV 103.1 MPH)
Batting: RHB Agustin Vargas 0-0: Ball
1-0: Fly out, F7 (Flyball, 7D, EV 106.3 MPH)
Batting: RHB Bill Barber 0-0: Ball
1-0: Called Strike
1-1: Foul Ball, location: 3FF
1-2: Ground out 4-3 (Groundball, 4S, EV 90.0 MPH)
Top of the 4th over - 0 runs, 0 hits, 0 errors, 0 left on base; Corpus Christi 2 - Frisco 1
BOTTOM OF THE 4TH
Frisco RoughRiders batting - Pitching for Corpus Christi Hooks : RHP Paul DeGrazia
Batting: RHB Marco Sanchez 0-0: Ball
1-0: SINGLE (Line Drive, 8LS, EV 93.8 MPH)
Batting: LHB Dallas Zancanella 0-0: Ball
1-0: Swinging Strike
1-1: Swinging Strike
1-2: Foul Ball, location: 5FF
1-2: Ball
2-2: Strikes out swinging
Batting: RHB Ricky Centeno 0-0: Called Strike
0-1: Swinging Strike
0-2: Ball
1-2: Ball
2-2: Ball
3-2: Base on Balls
Marco Sanchez to second
Batting: LHB Ryan O'Neal 0-0: Fly out, F9 (Flyball, 9, EV 80.6 MPH)
Batting: LHB Corey Jackson 0-0: Ball
1-0: Foul Ball, location: 5F
1-1: Fly out, F8 (Flyball, 8LS, EV 90.0 MPH)
Bottom of the 4th over - 0 runs, 1 hit, 0 errors, 2 left on base; Corpus Christi 2 - Frisco 1
TOP OF THE 5TH
Corpus Christi Hooks batting - Pitching for Frisco RoughRiders : RHP Simon Bellett
Batting: SHB Chris Constable 0-0: Foul Ball, location: 25F
0-1: Foul Ball, location: 25F
0-2: Fly out, F8 (Flyball, 8LS, EV 81.3 MPH)
Batting: RHB Dave Alley 0-0: Ball
1-0: Foul Ball, location: 2F
1-1: Ball
2-1: Swinging Strike
2-2: Ball
3-2: Ground out 4-3 (Groundball, 4, EV 79.4 MPH)
Batting: LHB Malik Lindsey 0-0: Ball
1-0: Foul Ball, location: 2F
1-1: Ball
2-1: Ball
3-1: Ground out 4-3 (Groundball, 34, EV 87.5 MPH)
Top of the 5th over - 0 runs, 0 hits, 0 errors, 0 left on base; Corpus Christi 2 - Frisco 1
BOTTOM OF THE 5TH
Frisco RoughRiders batting - Pitching for Corpus Christi Hooks : RHP Paul DeGrazia
Batting: RHB Pedro Colon 0-0: Ball
1-0: Foul Ball, location: 9LSF
1-1: Swinging Strike
1-2: Ball
2-2: Foul Ball, location: 2F
2-2: Foul Ball, location: 9LMF
2-2: Ball
3-2: Fly out, F9 (Line Drive, 9D, EV 97.5 MPH)
Batting: RHB Mark Riggs 0-0: Ball
1-0: Swinging Strike
1-1: Foul Ball, location: 3DF
1-2: Ball
2-2: Ground out 5-3 (Groundball, 56S, EV 93.8 MPH)
Batting: RHB Travis Huffman 0-0: Ball
1-0: SINGLE (Line Drive, 56D, EV 94.4 MPH)
Batting: RHB Kymani Biggs 0-0: Foul Ball, location: 7LDF
0-1: Ball
1-1: Called Strike
Travis Huffman steals 2nd base
1-2: Fly out, F6 (Popup, 4MD, EV 61.3 MPH)
Bottom of the 5th over - 0 runs, 1 hit, 0 errors, 1 left on base; Corpus Christi 2 - Frisco 1
TOP OF THE 6TH
Corpus Christi Hooks batting - Pitching for Frisco RoughRiders : RHP Simon Bellett
Batting: LHB Toby O'Dell 0-0: Fly out, F5 (Line Drive, 5, EV 70.6 MPH)
Batting: RHB Steve MacInnis 0-0: Ball
1-0: Called Strike
1-1: Ground out 5-3 (Groundball, 5S, EV 87.5 MPH)
Batting: RHB Travis Braga 0-0: Called Strike
0-1: Foul Ball, location: 23F
0-2: Ground out 6-3 (Groundball, 4M, EV 86.9 MPH)
Top of the 6th over - 0 runs, 0 hits, 0 errors, 0 left on base; Corpus Christi 2 - Frisco 1
BOTTOM OF THE 6TH
Frisco RoughRiders batting - Pitching for Corpus Christi Hooks : RHP Paul DeGrazia
Batting: RHB Marco Sanchez 0-0: Ball
1-0: Ball
2-0: Called Strike
2-1: Called Strike
2-2: Ball
3-2: Fly out, F7 (Flyball, 7S, EV 78.1 MPH)
Batting: LHB Dallas Zancanella 0-0: Ball
1-0: Ball
2-0: Called Strike
2-1: Swinging Strike
2-2: Foul Ball, location: 23F
2-2: Foul Ball, location: 7LMF
2-2: Foul Ball, location: 7LSF
2-2: Ball
3-2: Base on Balls
Batting: RHB Ricky Centeno 0-0: Ball
Wild Pitch!
Dallas Zancanella to second
1-0: Foul Ball, location: 5DF
1-1: Foul Ball, location: 2F
1-2: Foul Ball, location: 2F
1-2: Ball
2-2: SINGLE (Line Drive, 6MD, EV 96.3 MPH)
Dallas Zancanella to third
Pitching: RHP Tom Jacobson
Batting: LHB Ryan O'Neal 0-0: Called Strike
0-1: Ball
1-1: Foul Ball, location: 5SF
1-2: Ball
2-2: Foul Ball, location: 7LDF
2-2: Foul Ball, location: 7LSF
2-2: DOUBLE (Flyball, 78XD, EV 90.6 MPH)
Dallas Zancanella scores
Ricky Centeno to third
Batting: LHB Corey Jackson 0-0: Swinging Strike
0-1: Swinging Strike
0-2: Strikes out swinging
Batting: RHB Pedro Colon 0-0: Ball
1-0: Foul Ball, location: 25FF
1-1: Fly out, F9 (Flyball, 9S, EV 91.3 MPH)
Bottom of the 6th over - 1 run, 2 hits, 0 errors, 2 left on base; Corpus Christi 2 - Frisco 2
TOP OF THE 7TH
Corpus Christi Hooks batting - Pitching for Frisco RoughRiders : RHP Simon Bellett
Batting: RHB Chad Boston 0-0: SINGLE (Groundball, 4MD, EV 98.8 MPH)
Batting: RHB Agustin Vargas 0-0: Bunted foul
0-1: Sac Bunt to P - play at first, batter OUT! 1-3
Chad Boston to second
Batting: RHB Bill Barber 0-0: Ball
1-0: SINGLE (Line Drive, 6MD, EV 95.0 MPH)
Chad Boston to third
Batting: SHB Chris Constable 0-0: Called Strike
0-1: Fly out, F8 (Flyball, 8RM, EV 93.8 MPH)
Runner from 3rd tags up, SCORES, throw by CF
Batting: RHB Dave Alley 0-0: Foul Ball, location: 7LMFF
0-1: Swinging Strike
0-2: Ball
1-2: Ball
2-2: Foul Ball, location: 3DF
2-2: Strikes out swinging
Top of the 7th over - 1 run, 2 hits, 0 errors, 1 left on base; Corpus Christi 3 - Frisco 2
BOTTOM OF THE 7TH
Frisco RoughRiders batting - Pitching for Corpus Christi Hooks : RHP Tom Jacobson
Pitching: LHP Manny Bugarin
Batting: RHB Mark Riggs 0-0: Ball
1-0: Foul Ball, location: 5F
1-1: Swinging Strike
1-2: Strikes out looking
Batting: RHB Travis Huffman 0-0: Foul Ball, location: 5FF
0-1: Ball
1-1: Ground out 5-3 (Groundball, 5S, EV 81.3 MPH)
Batting: RHB Kymani Biggs 0-0: Ball
1-0: Ball
2-0: Ball
3-0: Called Strike
3-1: SINGLE (Flyball, 56D, EV 93.8 MPH)
Batting: RHB Marco Sanchez 0-0: Called Strike
0-1: Foul Ball, location: 2F
0-2: Ball
1-2: Ball
2-2: SINGLE (Line Drive, 5D, EV 110.0 MPH)
Kymani Biggs to second
Batting: LHB Dallas Zancanella 0-0: Ball
1-0: Fly out, F7 (Flyball, 7D, EV 108.8 MPH)
Bottom of the 7th over - 0 runs, 2 hits, 0 errors, 2 left on base; Corpus Christi 3 - Frisco 2
TOP OF THE 8TH
Corpus Christi Hooks batting - Pitching for Frisco RoughRiders : RHP Simon Bellett
Batting: LHB Malik Lindsey 0-0: Swinging Strike
0-1: Ball
1-1: Fly out, F8 (Flyball, 8LD, EV 105.6 MPH)
Batting: LHB Toby O'Dell 0-0: Foul Ball, location: 7LDF
0-1: Foul Ball, location: 2F
0-2: Reached via error on a dropped throw from 1B, E1 (Groundball, 34, EV 90.6 MPH)
Pitching: RHP Brian Williams
Batting: RHB Steve MacInnis 0-0: Ball
1-0: Ball
2-0: Called Strike
2-1: Fly out, F9 (Flyball, 9LS, EV 88.1 MPH)
Batting: RHB Travis Braga 0-0: Ball
1-0: Foul Ball, location: 5F
1-1: Foul Ball, location: 25F
1-2: Ball
2-2: Fly out, F3 (Popup, 4S, EV 71.9 MPH)
Top of the 8th over - 0 runs, 0 hits, 1 error, 1 left on base; Corpus Christi 3 - Frisco 2
BOTTOM OF THE 8TH
Frisco RoughRiders batting - Pitching for Corpus Christi Hooks : LHP Manny Bugarin
Batting: RHB Ricky Centeno 0-0: Called Strike
0-1: Foul Ball, location: 9LDF
0-2: Strikes out looking
Pinch Hitting: RHB Justin Gaddis 0-0: Foul Ball, location: 2F
0-1: Ball
1-1: Ball
2-1: Called Strike
2-2: Ball
3-2: Base on Balls
Pinch Hitting: RHB Ralph Ballou 0-0: Ball
1-0: Ball
2-0: Ball
3-0: Base on Balls
Justin Gaddis to second
Batting: RHB Pedro Colon 0-0: Ball
1-0: Ball
2-0: Foul Ball, location: 7LMF
2-1: Ball
3-1: 3-RUN HOME RUN (Flyball, 7D, EV 101.3 MPH), Distance : 397 ft
Batting: RHB Mark Riggs 0-0: Ball
1-0: Ball
2-0: Ground out U3 (Groundball, 13, EV 86.3 MPH)
Batting: RHB Travis Huffman 0-0: Ball
1-0: Ball
2-0: Ball
3-0: Base on Balls
Batting: RHB Kymani Biggs 0-0: Ball
1-0: Called Strike
1-1: Foul Ball, location: 5F
1-2: Ball
2-2: Foul Ball, location: 9LSFF
2-2: Ball
3-2: Strikes out swinging
Bottom of the 8th over - 3 runs, 1 hit, 0 errors, 1 left on base; Corpus Christi 3 - Frisco 5
TOP OF THE 9TH
Corpus Christi Hooks batting - Pitching for Frisco RoughRiders : RHP Brian Williams
Pitching: RHP Estêvão Ano
Now in CF: Jesus Mena
Now in RF: Jack Batstone
Batting: RHB Chad Boston 0-0: Ball
1-0: SINGLE (Groundball, 3D, EV 84.4 MPH) (infield hit)
Pinch Hitting: SHB Mike Carpenter 0-0: Ball
1-0: Called Strike
1-1: Swinging Strike
1-2: Strikes out looking
Pinch Hitting: RHB Donovan Miller 0-0: Ball
1-0: Ball
2-0: Swinging Strike
2-1: Foul Ball, location: 23FF
2-2: Strikes out swinging
Pinch Hitting: RHB Curtis Wilbur 0-0: Swinging Strike
0-1: Ball
1-1: DOUBLE (Line Drive, 3D, EV 98.8 MPH)
Chad Boston to third
Batting: RHB Dave Alley 0-0: Ball
1-0: SINGLE (Line Drive, 8LS, EV 103.1 MPH)
Chad Boston scores
Curtis Wilbur to third
Batting: LHB Malik Lindsey 0-0: Called Strike
0-1: Called Strike
0-2: Ball
1-2: Ball
2-2: Strikes out swinging
Top of the 9th over - 1 run, 3 hits, 0 errors, 2 left on base; Corpus Christi 4 - Frisco 5
Thursday, April 4th , 2024 - OOTP Baseball 24.11 Build 85